[Event "*** Titled Tuesday Blitz"]
[Site "Chess.com"]
[Date "2018.05.01"]
[Round "2"]
[White "juniortay"]
[Black "Cryptochess"]
[Result "0-1"]
[WhiteElo "2351"]
[BlackElo "2413"]
[TimeControl "180+2"]
[EndTime "13:21:18 PDT"]
[Termination "Cryptochess won on time"]

1. e4 d6 2. Nc3 Nf6 3. f4 g6 4. Nf3 Bg7 5. Bc4 O-O 6. d3 c6 7. Bb3 b5 8. O-O Qb6+ 9. Kh1 a5 10.
a4 Na6 11. Qe1 Nc5 12. Ba2 b4 13. Ne2 Nxa4 14. Qh4 Nc5 15. f5 b3 16. Bb1 bxc2 17.
Bxc2 Nb3 18. Ra2 Nxc1 19. Rxc1 gxf5 20. Nf4 fxe4 21. dxe4 Bg4 22. e5 dxe5 23. Nxe5 Qe3 24. Ned3 Bf5 25. Re1 Qd4 26. Ra4 Qd6 27. Ra3 Rad8 28.
h3 Nd5 29. Nh5 Qh6 30. Re5 Bxe5 31. Nxe5 Bxc2 32. Rg3+ Kh8 33. Qg4 Bg6 34. Qd4 Nf6 35.
Qc3 Bxh5 36. Nxc6 Rd1+ 37. Kh2 Qc1 0-1

[Event "*** Titled Tuesday Blitz"]
[Site "Chess.com"]
[Date "2018.05.01"]
[Round "2"]
[White "tomozupan"]
[Black "tuttocalabria"]
[Result "0-1"]
[WhiteElo "2129"]
[BlackElo "2130"]
[TimeControl "180+2"]
[EndTime "13:21:19 PDT"]
[Termination "tuttocalabria won by resignation"]

1. d4 d6 2. Nf3 Bg4 3. Bf4 Nd7 4.
h3 Bh5 5. g4 Bg6 6. Bg2 Ngf6 7.
Nh4 e5 8. Nxg6 hxg6 9. Bg3 c6 10. Nc3 g5 11. Qd2 exd4 12. Qxd4 d5 13. Qe3+ Be7 14. Qxg5 O-O 15. Qd2 b5 16. O-O b4 17.
Nd1 Re8 18. Ne3 Bf8 19. Nf5 Ne4 20. Bxe4 Rxe4 21. f3 Re6 22. Nd4 Rh6 23. Kg2 Qb6 24.
Bf4 Rf6 25. Bg5 Rg6 26. h4 Re8 27. h5 Rxg5 28. Qxg5 Qxd4 29. h6 Rxe2+ 30. Kh1 Qe5 31. Qxe5 Nxe5 32. Rae1 Rxe1 33. Rxe1 Nxf3 34. Re8 gxh6 35.
Ra8 Nd4 36. c3 bxc3 37. bxc3 Nb5 38. a4 Nxc3 39. Rxa7 d4 40. a5 d3 41. Rd7 Bb4 42. a6 Nb5 43. a7 Nxa7 44. Rxa7 d2 45. Rd7 c5 46. Kg2 c4 47. Kf3 c3 0-1

[Event "*** Titled Tuesday Blitz"]
[Site "Chess.com"]
[Date "2018.05.01"]
[Round "2"]
[White "ChainsOfFantasia"]
[Black "BergenChessAcademy"]
[Result "1-0"]
[WhiteElo "2427"]
[BlackElo "2224"]
[TimeControl "180+2"]
[EndTime "13:21:22 PDT"]
[Termination "ChainsOfFantasia won by resignation"]

1. d4 Nf6 2. c4 e6 3. Nf3 b6 4. a3 Ba6 5. Qc2 Be7 6. e4 d5 7. cxd5 Bxf1 8. Kxf1 exd5 9. e5 Nfd7 10.
Nc3 Nf8 11. h4 Ne6 12. Be3 c5 13. Qa4+ Qd7 14. Qxd7+ Nxd7 15. Nxd5 Rc8 16. Nxe7 Kxe7 17.
d5 Nd4 18. Nxd4 cxd4 19. Bxd4 Rc2 20. Rh3 Rd2 21. d6+ Ke6 22. Bc3 Rc2 23. Re3 Rc8 24.
Rd1 Rc4 25. g3 a5 26. Re2 Rxe2 27. Kxe2 f6 28. f4 fxe5 29. fxe5 Rc8 30. Kd2 Rc5 31. Re1 Rc4 32. Re3 Rc5 33. b4 axb4 34. axb4 Rc8 35.
Kc2 b5 36. Kd3 Nb6 37. Re4 Nd5 38. Bd2 Nb6 39. h5 Nd7 40. Bc3 Rf8 41. Rg4 Rf7 42.
Ke3 Nb6 43. Ke4 Nd7 44. Rf4 Nb6 45. Rxf7 Kxf7 46. Bd4 Nd7 47. Kd5 Ke8 48. e6 1-0

[Event "*** Titled Tuesday Blitz"]
[Site "Chess.com"]
[Date "2018.05.01"]
[Round "2"]
[White "TST2014"]
[Black "MartinMatthiesen"]
[Result "1/2-1/2"]
[WhiteElo "2399"]
[BlackElo "2365"]
[TimeControl "180+2"]
[EndTime "13:21:22 PDT"]
[Termination "Game drawn by agreement"]

1. d4 Nf6 2. c4 e6 3. Nf3 d5 4.
Nc3 c6 5. e3 Nbd7 6. Qc2 Bd6 7.
Be2 O-O 8. O-O b6 9. b3 Bb7 10.
Bb2 Qe7 11. e4 dxe4 12. Nxe4 Nxe4 13. Qxe4 Nf6 14. Qh4 c5 15. Rad1 Rad8 16. Rfe1 Ne4 17.
Qxe7 Bxe7 18. Bd3 f5 19. Bc2 cxd4 20. Nxd4 Bc5 21. f3 e5 22. fxe4 exd4 23. Kh1 fxe4 24.
Bxe4 Rf2 25. Bxd4 Rxd4 26. Rxd4 Bxd4 27. Bxb7 Rxa2 28. Bd5+ Kf8 29. b4 Ra1 30. Rxa1 Bxa1 31.
b5 Bd4 32. g4 g5 33. Kg2 Ke7 34. Kf3 Kd6 35. Ke4 Be5 36. h3 Bg3 37. Kf5 Bh4 38.
Bg8 h6 39. Kg6 Kc5 40. Kxh6 Kd4 41. Kg6 Kc5 42. Kf5 Kd6 43. Kf6 Kc5 44. Kf7 Bg3 45.
Ke7 Bh4 46. Kd7 Bg3 47. Kc8 Bh4 48. Kb7 Bg3 49. Kxa7 Bh4 50. Kb7 Bg3 51. Kc8 Bh4 52. Kd7 Bg3 53. Ke6 Bh4 54. Kf5 Kd6 55. Ke4 Kc5 56. Ke5 Bg3+ 57. Kf5 Bh4 58. Bd5 Kd6 59. Ke4 Kc5 60. Kd3 Bg3 61. Bg2 Bh4 62. Bf1 Bg3 63.
Ke4 Bh4 64. Kf5 Kd6 65. Kf6 Kc5 66. Kg6 Kd6 67. Bg2 Kc5 68. Bd5 Kd6 69. Kf5 Kc5 70. Bf7 Kd6 71. Ke4 Kc5 72. Kd3 Bg3 1/2-1/2

[Event "*** Titled Tuesday Blitz"]
[Site "Chess.com"]
[Date "2018.05.01"]
[Round "2"]
[White "toad"]
[Black "Vamostodorecto"]
[Result "0-1"]
[WhiteElo "2210"]
[BlackElo "2383"]
[TimeControl "180+2"]
[EndTime "13:21:23 PDT"]
[Termination "Vamostodorecto won by checkmate"]

1. d4 Nf6 2. c4 g6 3. g3 d5 4. Bg2 Bg7 5. Nf3 O-O 6. O-O Nc6 7. cxd5 Nxd5 8. e4 Nb6 9. d5 Ne5 10. Nxe5 Bxe5 11. f4 Bg7 12. Nc3 c6 13. dxc6 bxc6 14.
Be3 Nc4 15. Bc5 Nxb2 16. Qc2 Qd3 17. Rac1 Qxc2 18. Rxc2 Ba6 19. Rb1 Nc4 20. e5 Rfc8 21. Ne4 Nb6 22. Rd2 Nd5 23. Bh3 Rcb8 24. Rdb2 Rd8 25.
e6 Bd3 26. exf7+ Kh8 27. Re1 Bxe4 28. Rxe4 Bxb2 29. Bxe7 Nxe7 30. Rxe7 Ba3 31. Rc7 Rf8 32.
Be6 c5 33. g4 Bb2 34. f5 Bd4+ 35. Kg2 gxf5 36. gxf5 Kg7 37. Kf3 Kf6 38. Ke4 a5 39.
a4 Rab8 40. Kd5 Rb4 41. Kd6 Be5+ 42. Kd5 Bxc7 43. h4 c4 44. h5 c3 45. h6 c2 46. Bd7 c1=Q 47. Be6 Qd2+ 48. Kc6 Qd6# 0-1

[Event "*** Titled Tuesday Blitz"]
[Site "Chess.com"]
[Date "2018.05.01"]
[Round "2"]
[White "Manukyan_Artak"]
[Black "Pudor"]
[Result "0-1"]
[WhiteElo "2360"]
[BlackElo "2220"]
[TimeControl "180+2"]
[EndTime "13:21:23 PDT"]
[Termination "Pudor won by resignation"]

1. e4 c5 2. Nf3 Nc6 3. c3 Nf6 4. e5 Nd5 5. d4 cxd4 6. cxd4 d6 7.
Nc3 dxe5 8. dxe5 Nxc3 9. Qxd8+ Nxd8 10. bxc3 Bd7 11. Nd4 Nc6 12. f4 e6 13. Be3 O-O-O 14.
Nxc6 Bxc6 15. Bxa7 Ba3 16. Bd4 Be4 17. Kd2 Rhg8 18. Ke3 Bc6 19. h4 h6 20. Rh3 g5 21.
fxg5 hxg5 22. h5 g4 23. Rh1 Rg5 24. h6 Rh8 25. h7 Rg7 26. Bd3 Bxg2 27. Rh6 g3 28.
Rg1 Bd5 29. Kf4 Bxa2 30. Rxg3 Bc1+ 31. Be3 Rxg3 32. Bxc1 Rxd3 33. Kg5 Bb1 34. Kf6 Rg3 35. Kxf7 Rxh7+ 36. Rxh7 Bxh7 37. Kxe6 Bg8+ 38. Kd6 Rd3+ 39. Ke7 Rxc3 40. Bg5 Rc6 41. Bf6 Be6 42. Bg5 b5 43. Bd2 Ba2 44. Bb4 Re6+ 0-1

[Event "*** Titled Tuesday Blitz"]
[Site "Chess.com"]
[Date "2018.05.01"]
[Round "2"]
[White "Maitreia"]
[Black "sergeikim"]
[Result "0-1"]
[WhiteElo "2518"]
[BlackElo "2352"]
[TimeControl "180+2"]
[EndTime "13:21:24 PDT"]
[Termination "sergeikim won by checkmate"]

1. c4 e5 2. g3 Nc6 3. Bg2 Nf6 4.
Nf3 g6 5. Nc3 Bg7 6. O-O O-O 7.
d3 d6 8. Rb1 Nh5 9. b4 f5 10.
b5 Ne7 11. Bb2 f4 12. a4 h6 13. a5 Rb8 14. Qb3 Kh7 15. Nd5 g5 16. Nd2 Be6 17. b6 axb6 18. axb6 c6 19. Nc7 Bg4 20. Bf3 Qd7 21. Bxg4 Qxg4 22. f3 Qd7 23. g4 Nf6 24.
Ne4 Ng6 25. Kh1 Ne8 26. Nxe8 Rfxe8 27. Ra1 d5 28. cxd5 cxd5 29. Nc3 Rbd8 30. Ra7 Re7 31. Qb5 Qe6 32. Rc1 e4 33. dxe4 Bxc3 34. Bxc3 dxe4 35. Qf5 exf3 36. Qxe6 Rxe6 37. Rxb7+ Ne7 38. exf3 Kg6 39. Rc2 h5 40. h3 hxg4 41. hxg4 Rd1+ 42. Kg2 Nd5 43.
Rg7+ Kh6 44. b7 Rb1 45. Bd4 Ne3+ 46. Bxe3 Kxg7 47. Bd4+ Kg6 48. Bb2 Rb6 49. Rc6+ Rxc6 50. b8=Q Rc2+ 51. Kh3 Rh1# 0-1

[Event "*** Titled Tuesday Blitz"]
[Site "Chess.com"]
[Date "2018.05.01"]
[Round "2"]
[White "RodinMihail"]
[Black "Mbneu"]
[Result "1/2-1/2"]
[WhiteElo "2420"]
[BlackElo "2284"]
[TimeControl "180+2"]
[EndTime "13:21:24 PDT"]
[Termination "Game drawn - insufficient material"]

1. e4 e5 2. Nf3 Nc6 3. Nc3 d6 4. d4 Bg4 5. Bb5 a6 6. Bxc6+ bxc6 7. dxe5 Bxf3 8. Qxf3 dxe5 9. Qg3 Qf6 10. O-O Bd6 11.
Nd1 Ne7 12. Ne3 Ng6 13. Nf5 O-O 14. c4 Rfd8 15. Bg5 Qe6 16. Bxd8 Rxd8 17. b3 Bf8 18. Rad1 Ra8 19. Rd2 Nf4 20. Rfd1 g6 21. Ne3 Be7 22. Qf3 Kg7 23. Qg4 Qf6 24. Nf5+ Kf8 25. Nxe7 Qxe7 26. g3 Ne6 27. Qf3 Nd4 28. Qe3 c5 29. a3 a5 30.
f4 Re8 31. f5 gxf5 32. exf5 Nxf5 33. Qc3 Nd4 34. Rf2 e4 35. Qe3 f5 36. b4 axb4 37.
axb4 Nf3+ 38. Kg2 cxb4 39. Rd5 Qf6 40. Qf4 Re5 41. Rd7 Kg8 42. Rxc7 Qd6 43. Rc8+ Kf7 44.
c5 Qd1 45. Rc7+ Ke8 46. Rxf3 exf3+ 47. Kh3 Qf1+ 48. Kh4 Re7 49. Rc8+ Kd7 50. Qxf5+ Re6 51. Rf8 Qe2 52. Rf7+ Kc6 53. Qxf3+ Qxf3 54. Rxf3 Kxc5 55. Rf7 h6 56. Kh5 b3 57. Rf1 Kc4 58. g4 Kc3 59. h4 b2 60. g5 hxg5 61. hxg5 Kc2 62. g6 Rxg6 63. Kxg6 b1=Q 64. Rxb1 Kxb1 1/2-1/2

[Event "*** Titled Tuesday Blitz"]
[Site "Chess.com"]
[Date "2018.05.01"]
[Round "2"]
[White "Storne89"]
[Black "penguingm1"]
[Result "0-1"]
[WhiteElo "2526"]
[BlackElo "2753"]
[TimeControl "180+2"]
[EndTime "13:21:25 PDT"]
[Termination "penguingm1 won by resignation"]

1. e4 e5 2. Nf3 Nc6 3. Bc4 Bc5 4. d3 Nf6 5. O-O a6 6. c3 Ba7 7. Bb3 d6 8. Nbd2 O-O 9. h3 h6 10. Re1 Re8 11. Nf1 Be6 12. Bc2 d5 13. exd5 Bxd5 14. Ng3 Qd6 15. Be3 Bxe3 16. Rxe3 Rad8 17. Qe2 b5 18. Re1 g6 19. Nd2 Kg7 20. a3 h5 21.
Nge4 Nxe4 22. Nxe4 Qe7 23. Nd2 f5 24. f4 Qh4 25.
fxe5 f4 26. Nf3 Bxf3 27. Rxf3 Nxe5 28. Qxe5+ Rxe5 29. Rxe5 g5 30. d4 Rf8 31. Re4 g4 32. Rfxf4 Rxf4 33. Rxf4 Qe1+ 34. Rf1 Qe3+ 35. Kh1 Qe2 0-1

[Event "*** Titled Tuesday Blitz"]
[Site "Chess.com"]
[Date "2018.05.01"]
[Round "2"]
[White "Morshynska"]
[Black "lolo9292"]
[Result "0-1"]
[WhiteElo "2062"]
[BlackElo "1797"]
[TimeControl "180+2"]
[EndTime "13:21:29 PDT"]
[Termination "lolo9292 won by resignation"]

1. d4 Nf6 2. c4 e6 3. Nf3 Bb4+ 4.
Nbd2 Kf8 5. a3 Be7 6. e4 d5 7.
e5 Ne4 8. Bd3 Nxd2 9. Bxd2 dxc4 10. Bxc4 b6 11. O-O Bb7 12. Be3 g5 13. Rc1 h5 14.
Ne1 g4 15. f3 gxf3 16. Nxf3 Ke8 17. Qd2 Rg8 18. Qc2 Rg6 19. Bb5+ c6 20. Bd3 Rg4 21.
h3 Rg3 22. Bf4 Rg7 23. Be4 Nd7 24. b4 Rc8 25. Rf2 b5 26. Rcf1 Qb6 27. Bh6 Rg8 28. Kh1 a5 29. Qd2 axb4 30. axb4 h4 31. Ng5 f5 32. Bf3 Nf8 33. Bxf8 Bxg5 34. Bh5+ Kxf8 35. Qa2 Ke7 36. Rxf5 exf5 37. Qf7+ Kd8 38. Qxg8+ Kc7 39. Qf7+ Kb8 40. Qxf5 Be3 41. Qe4 Qxd4 42. Qf5 c5 43. e6 Qd2 44. Bf3 c4 45. Bxb7 Kxb7 46. Qe4+ Kb8 47.
Ra1 Qd4 48. Ra8+ Kc7 49. Rxc8+ Kxc8 50. Qc6+ Kd8 51. Qa8+ Ke7 52. Qb7+ Kxe6 53. g4 Qd5+ 54. Qxd5+ Kxd5 55. Kg2 Bg5 56. Kf3 c3 57. Ke2 c2 0-1

[Event "*** Titled Tuesday Blitz"]
[Site "Chess.com"]
[Date "2018.05.01"]
[Round "2"]
[White "Fins0905"]
[Black "dretch"]
[Result "1-0"]
[WhiteElo "2565"]
[BlackElo "2669"]
[TimeControl "180+2"]
[EndTime "13:21:34 PDT"]
[Termination "Fins0905 won by resignation"]

1. d4 d5 2. c4 c6 3. cxd5 cxd5 4. Nf3 Nf6 5. Nc3 Nc6 6. Bf4 Bf5 7. e3 e6 8. Qb3 Bb4 9. Bb5 Bxc3+ 10. Qxc3 O-O 11.
O-O Rc8 12. Rfc1 Qb6 13. Bf1 Ne4 14. Qa3 Nb4 15. Qa4 h6 16. h3 Nf6 17. Ne1 Nc6 18.
Qa3 Ne4 19. Nd3 Nd2 20. Nc5 Rfe8 21. Be2 e5 22. dxe5 Nxe5 23. Na4 Qd8 24. Rxc8 Qxc8 25. Qc3 Qxc3 26. Nxc3 Ndc4 27. b3 Nb6 28. Rd1 Ng6 29. Bg3 Be6 30. Bf3 Ne7 31. Nb5 a6 32. Nd6 Ra8 33.
Nxb7 a5 34. Nc5 a4 35. b4 Nc4 36. Rc1 Ra7 37. Be2 Nd2 38. b5 Nc4 39. Bxc4 dxc4 40. b6 Ra5 41. b7 Nc6 42. Nxe6 fxe6 43. Rxc4 Rb5 44. Rxc6 Rxb7 45. Rxe6 1-0

[Event "*** Titled Tuesday Blitz"]
[Site "Chess.com"]
[Date "2018.05.01"]
[Round "2"]
[White "GoingKronos"]
[Black "amatatanav"]
[Result "0-1"]
[WhiteElo "2371"]
[BlackElo "2395"]
[TimeControl "180+2"]
[EndTime "13:21:37 PDT"]
[Termination "amatatanav won by resignation"]

1. Nf3 Nf6 2. d4 e6 3. c4 d5 4. Nc3 Be7 5. Bg5 h6 6. Bh4 O-O 7. e3 b6 8. Bd3 Bb7 9. O-O Nbd7 10.
Qe2 c5 11. cxd5 Nxd5 12. Bxe7 Qxe7 13. Ba6 Bxa6 14. Qxa6 Nb4 15. Qe2 cxd4 16. Nxd4 Rfc8 17. Rac1 Nf6 18. e4 Qc5 19. Nb3 Qh5 20. f3 Nc6 21.
Rfd1 Rd8 22. Qe3 Qe5 23. Ne2 Rxd1+ 24. Rxd1 Qxb2 25. Rd2 Qa3 26. Rc2 Na5 27. h3 Nxb3 28. axb3 Rd8 29. Rc7 Rd7 30. Rc8+ Kh7 31. e5 Nd5 32. Qe4+ g6 33. Kh2 Qxb3 34. Ng3 Qe3 35. Qa4 Re7 36. Qa1 Qf4 37. Qe1 h5 38. Kh1 Qh4 39.
Qf2 a5 40. Ne4 Qxf2 41. Nxf2 Rc7 42. Ne4 Rxc8 0-1

[Event "*** Titled Tuesday Blitz"]
[Site "Chess.com"]
[Date "2018.05.01"]
[Round "2"]
[White "belisarius64"]
[Black "Jbd735"]
[Result "1/2-1/2"]
[WhiteElo "2464"]
[BlackElo "2347"]
[TimeControl "180+2"]
[EndTime "13:21:40 PDT"]
[Termination "Game drawn by repetition"]

1. d4 d5 2. c4 c6 3. Nf3 e6 4. g3 Nf6 5. Bg2 dxc4 6. O-O b5 7. b3 cxb3 8. axb3 Bb7 9. Ne5 Qb6 10.
Nc3 Nbd7 11. Be3 Nd5 12. Nxd7 Kxd7 13. Rc1 f5 14. Qd3 Ba3 15. Rcd1 Rad8 16. Bd2 Kc8 17. e4 Nb4 18. Qe2 Qxd4 19. exf5 exf5 20. Bg5 Qxc3 21.
Qe6+ Kb8 22. Rxd8+ Rxd8 23. Bxd8 Nd5 24. Bxd5 cxd5 25.
Be7 Bxe7 26. Qxe7 a6 27. Qe8+ Ka7 28. Qe3+ Qxe3 29. fxe3 g6 30. g4 Bc8 31. g5 Kb6 32.
Rc1 Be6 33. Kf2 d4 34. exd4 Bxb3 35. Rc8 a5 36. Ke3 a4 37. Rc1 a3 38. Ra1 b4 39.
Kf4 Kb5 40. Ke5 Ka4 41. d5 Bxd5 42. Kxd5 b3 43. Kc4 a2 44. Rd1 b2 45. Rd8 Ka5 46.
Kc5 Ka6 47. Kc6 Ka7 48. Rd7+ Ka6 49. Rd8 Ka7 50. Rd7+ Ka6 51. Rd8 Ka5 52. Kc5 Ka4 53. Kc4 Ka5 54. Kc5 Ka6 55. Kc6 Ka7 56. Rd7+ Ka6 57.
Rd8 1/2-1/2

[Event "*** Titled Tuesday Blitz"]
[Site "Chess.com"]
[Date "2018.05.01"]
[Round "2"]
[White "schoolmeester"]
[Black "Fy_Rakotomaharo"]
[Result "1-0"]
[WhiteElo "2705"]
[BlackElo "2495"]
[TimeControl "180+2"]
[EndTime "13:21:48 PDT"]
[Termination "schoolmeester won by resignation"]

1. e4 e5 2. Nf3 Nc6 3. Bb5 a6 4. Ba4 d6 5. O-O Bd7 6. c3 g6 7. d4 Bg7 8. d5 Nce7 9. c4 b5 10. Bc2 bxc4 11. Nbd2 f5 12. Ng5 Nf6 13. Ba4 O-O 14. f3 c6 15. dxc6 Bxc6 16. Bxc6 Nxc6 17. Ne6 Qb6+ 18. Kh1 Rfe8 19. Nxc4 Qb4 20. Nxg7 Kxg7 21. b3 Rad8 22. Ba3 Qb8 23. Bxd6 Qb7 24. exf5 gxf5 25.
Qe1 Nh5 26. Qh4 Qf7 27. Nxe5 Qf6 28. Qxh5 Rxd6 29. Nxc6 Re2 30. f4 Rdd2 31. Ne5 h6 32. Qh3 Kh7 33. Rg1 Rf2 34. Rac1 Rc2 35. Rxc2 Rxc2 36. a4 Rf2 37. Qe3 Rc2 38. h3 Qg7 39. Qd3 Rc7 40. Qxf5+ Kh8 41. Rd1 Qg8 42. Qf6+ Kh7 43.
f5 Qg3 44. Qg6+ Qxg6 45. fxg6+ Kg7 46. Rd7+ 1-0

[Event "*** Titled Tuesday Blitz"]
[Site "Chess.com"]
[Date "2018.05.01"]
[Round "2"]
[White "Kimster98"]
[Black "Firouzja2003"]
[Result "0-1"]
[WhiteElo "2513"]
[BlackElo "2857"]
[TimeControl "180+2"]
[EndTime "13:21:49 PDT"]
[Termination "Firouzja2003 won by resignation"]

1. Nf3 Nf6 2. c4 g6 3. Nc3 Bg7 4. e4 d6 5. d4 O-O 6. Be2 Nbd7 7. O-O e5 8. Be3 c6 9. d5 c5 10. Ne1 Kh8 11. Nd3 Ng8 12. Qd2 f5 13. f3 Ndf6 14. a3 f4 15. Bf2 g5 16. b4 b6 17. bxc5 bxc5 18. Nb5 g4 19. Bh4 Nxe4 20. fxe4 Qxh4 21.
Nxd6 f3 22. gxf3 g3 23. Bd1 Bh6 24. Qg2 Be3+ 25. Kh1 Bh3 26. Qxg3 Qxg3 27. hxg3 Bxf1 28. Nxe5 Bd4 29. Nef7+ Kg7 30. Rb1 Rxf7 31. Nxf7 Kxf7 32. Rb7+ Kf8 33. f4 Bxc4 34. Bf3 Nf6 35. d6 Re8 36. e5 Bxe5 37. fxe5 Rxe5 38. Rxa7 Re3 39.
Kg2 Rd3 40. Rc7 Rd2+ 41. Kg1 Bd5 42. Bxd5 Rxd5 43. a4 Ne4 44. Rxh7 Rxd6 45. Rc7 Ra6 46. g4 Rxa4 47. Kf1 Ra3 48. Ke2 Rg3 49. g5 Rxg5 50.
Ke3 Nf6 51. Kd3 Ke8 52. Kc4 Nd7 53. Kc3 Ke7 54. Rc6 Rd5 55. Kc4 Rd6 56. Rc7 Ke6 57. Rb7 Rd4+ 58. Kc3 Ne5 59. Rb8 Rd3+ 60. Kc2 Rh3 61.
Rd8 Nc6 62. Rc8 Nd4+ 63. Kd2 Kd5 64. Rc7 Kc4 65. Rc8 Rh2+ 66. Kd1 Kd3 67. Ke1 c4 68. Kf1 c3 69. Kg1 Rd2 0-1

[Event "*** Titled Tuesday Blitz"]
[Site "Chess.com"]
[Date "2018.05.01"]
[Round "2"]
[White "Korchmar_Vasiliy"]
[Black "TheLancer"]
[Result "1-0"]
[WhiteElo "2715"]
[BlackElo "2498"]
[TimeControl "180+2"]
[EndTime "13:21:52 PDT"]
[Termination "Korchmar_Vasiliy won by resignation"]

1. d4 Nf6 2. Nf3 e6 3. Bf4 b6 4. e3 Bb7 5. Nbd2 c5 6. c3 Be7 7. h3 cxd4 8. cxd4 d6 9. a3 a6 10.
Bd3 O-O 11. Qe2 Re8 12. O-O Nbd7 13. Rad1 Nf8 14. e4 Ng6 15. Bg3 Nh5 16. e5 Nhf4 17. Qe3 Nxd3 18. Qxd3 Rc8 19. Ne4 Bxe4 20. Qxe4 d5 21.
Qg4 Rc4 22. h4 Bf8 23. Ng5 Qc7 24. f4 h6 25. Nxe6 Rxe6 26. f5 Nxe5 27. Qh5 Re8 28.
dxe5 Rxe5 29. Rxd5 Bd6 30. Bxe5 Bxe5 31. Qe2 f6 32. Rd3 Rxh4 33. g3 Rc4 34. Rfd1 Qc5+ 35. Kh2 Rh4+ 36. Kg2 Qc6+ 37. Rd5 Rc4 38. Kh3 Kh7 39. Qh5 Bd6 40. Qg6+ Kg8 41. Rxd6 Rh4+ 42. Kxh4 1-0

[Event "*** Titled Tuesday Blitz"]
[Site "Chess.com"]
[Date "2018.05.01"]
[Round "2"]
[White "wadsy27"]
[Black "RojonR"]
[Result "1-0"]
[WhiteElo "2239"]
[BlackElo "2379"]
[TimeControl "180+2"]
[EndTime "13:22:00 PDT"]
[Termination "wadsy27 won by resignation"]

1. c4 Nf6 2. g3 c6 3. Bg2 d5 4.
Nf3 Bg4 5. Ne5 Bf5 6. cxd5 cxd5 7. Nc3 e6 8. Qa4+ Nbd7 9. g4 Bg6 10. h4 h6 11.
Nxg6 fxg6 12. d3 a6 13. g5 hxg5 14. hxg5 Rxh1+ 15. Bxh1 Nh7 16. Qg4 Qe7 17. Qh4 Nhf6 18. gxf6 gxf6 19. Bd2 O-O-O 20. Qg3 Ne5 21. f4 Nc6 22.
Qxg6 f5 23. O-O-O Bg7 24. Rg1 Bd4 25. e3 Bf6 26. d4 Nb4 27. a3 Nd3+ 28. Kc2 Nf2 29.
Bf3 Rh8 30. Qg2 Ne4 31. Bxe4 dxe4 32. Rh1 Rd8 33. Qg6 Bh8 34. Rh7 Qd6 35. Qf7 Qc6 36. Qe7 Re8 37. Qh4 Bxd4 38. exd4 Qc4 39. Rh8 Qd3+ 40.
Kc1 Qf1+ 41. Nd1 Qc4+ 42. Bc3 Rxh8 43. Qxh8+ Kd7 44. Qg7+ Kc6 45. Qe5 1-0

[Event "*** Titled Tuesday Blitz"]
[Site "Chess.com"]
[Date "2018.05.01"]
[Round "2"]
[White "VeraNebolsina"]
[Black "MattyDPerrine"]
[Result "0-1"]
[WhiteElo "2413"]
[BlackElo "2295"]
[TimeControl "180+2"]
[EndTime "13:22:05 PDT"]
[Termination "MattyDPerrine won by resignation"]

1. e4 c5 2. c3 Nf6 3. e5 Nd5 4. Nf3 e6 5. g3 b6 6. Bg2 Bb7 7. O-O d6 8. d4 cxd4 9. c4 Nc7 10. Qxd4 dxe5 11. Qxd8+ Kxd8 12. Nxe5 Bxg2 13. Kxg2 Ke8 14. Nc3 f6 15. Nd3 Nc6 16. Bf4 e5 17. Be3 Rd8 18. Rad1 Kf7 19. f4 exf4 20. Nxf4 Bd6 21. Nfd5 Rhe8 22.
Bf4 Bxf4 23. Rxf4 Ne6 24. Rf2 Ne5 25. b3 Nc5 26. h3 Rd7 27. Nb5 Red8 28. Nd4 a6 29. Rdf1 b5 30. Re2 bxc4 31. bxc4 Nxc4 32. Nc6 Rxd5 33. Nxd8+ Rxd8 34. Rc1 Rd4 35. Kf3 Nd3 36. Rc3 Nde5+ 37. Kg2 Rd5 38. Rb3 Ra5 39. Rb7+ Kg6 40.
h4 h5 41. Kh3 Ra3 42. Rc2 Ne3 43.
Rd2 Nf5 44. Rg2 Ng4 45. Rb3 Ra4 46.
Rc2 Re4 47. Rcb2 a5 48. Ra3 a4 49. Rc2 Nge3 50. Re2 Kf7 51. Kh2 Ng4+ 52. Kh3 Rxe2 0-1

[Event "*** Titled Tuesday Blitz"]
[Site "Chess.com"]
[Date "2018.05.01"]
[Round "2"]
[White "tteshan"]
[Black "r31415"]
[Result "0-1"]
[WhiteElo "1971"]
[BlackElo "2197"]
[TimeControl "180+2"]
[EndTime "13:22:06 PDT"]
[Termination "r31415 won by resignation"]

1. d4 e6 2. c4 Nf6 3. Nc3 d5 4. cxd5 Nxd5 5. Bg5 Qxg5 6. e4 Nxc3 7. bxc3 Qa5 8. Qb3 Qa3 9. Qc2 Bd7 10. Nf3 Ba4 11. Qd2 Nc6 12. Rb1 Rb8 13. Bd3 Be7 14. O-O O-O 15. d5 Na5 16. c4 Bd7 17. Nd4 Qc5 18. Qc3 Bf6 19. Nb3 Bxc3 20. Nxc5 Rfd8 21. Rfc1 Bd4 22. Nxd7 Rxd7 23. Rb5 b6 24. Rcb1 a6 25.
Rxa5 Ra8 26. Ra3 Kf8 27. Kf1 Ke7 28. Ke2 h5 29. Bc2 Kf6 30. Ba4 Rd6 31. Bc6 Ra7 32.
f4 e5 33. g3 a5 34. Rab3 Bc5 35. Rf3 exf4 36. gxf4 Ke7 37. e5 Rg6 38. Rg3 Rxg3 39. hxg3 a4 40. Rh1 g6 41. Kf3 Bd4 42. Ke4 Bb2 43. Rd1 Ba3 44. Rd3 Bc5 45. Rd1 a3 46.
Rh1 Ra5 47. g4 hxg4 48. Rh8 f5+ 49. exf6+ Kxf6 50. Rf8+ Bxf8 51. Ke3 Rc5 52. Kd3 Rxc6 53. dxc6 Kf5 54. Ke3 Bc5+ 55. Kd3 Kxf4 56. Kc3 g3 57. Kd2 g2 58. Kc3 g1=Q 0-1

[Event "*** Titled Tuesday Blitz"]
[Site "Chess.com"]
[Date "2018.05.01"]
[Round "2"]
[White "OparinGrigoriy"]
[Black "jk13"]
[Result "1-0"]
[WhiteElo "2872"]
[BlackElo "2519"]
[TimeControl "180+2"]
[EndTime "13:22:08 PDT"]
[Termination "OparinGrigoriy won by resignation"]

1. e4 e5 2. Nf3 Nc6 3. Bc4 Bc5 4. c3 Nf6 5. d3 O-O 6. Nbd2 d5 7. exd5 Nxd5 8. Ne4 Be7 9. O-O Nb6 10. Bb3 Bg4 11. h3 Bh5 12. Re1 Bg6 13. a4 a5 14. Be3 Kh8 15. Bxb6 cxb6 16. Qe2 f5 17. Ng3 Bf6 18. Rad1 Qc7 19. Be6 Be7 20. h4 h6 21. h5 Bh7 22.
Bd5 Bd6 23. Bxc6 bxc6 24. Nxe5 f4 25. Nf1 Rae8 26. d4 f3 27. gxf3 Bxe5 28. dxe5 Qf7 29. Ng3 Qf4 30. Rd4 Qg5 31. Qe3 Qe7 32. e6 Rf6 33. Rd7 Qxe6 34. Qxe6 Rfxe6 35. Rxe6 Rxe6 36. Rd8+ Bg8 37. Rb8 c5 38. Nf5 Re5 39. Ne3 Kh7 40. Rxb6 Rxh5 41. Rb5 Bf7 42. Rxa5 Bb3 43. f4 Rh4 44.
Rxc5 Bxa4 45. f5 Bb3 46. Rc7 Rf4 47. Kg2 h5 48. Kg3 Ra4 49. f6 Kg6 50. fxg7 h4+ 51.
Kh2 Kg5 52. c4 Ra8 53. Nd5 Kh6 54. Nf6 Bxc4 55. Rxc4 Kxg7 56. Ng4 Ra2 57. b4 1-0

[Event "*** Titled Tuesday Blitz"]
[Site "Chess.com"]
[Date "2018.05.01"]
[Round "2"]
[White "capatl"]
[Black "DishonorOnYourCow"]
[Result "1/2-1/2"]
[WhiteElo "2515"]
[BlackElo "2301"]
[TimeControl "180+2"]
[EndTime "13:22:10 PDT"]
[Termination "Game drawn by agreement"]

1. d4 Nf6 2. Nf3 g6 3. g3 Bg7 4.
Bg2 d5 5. O-O O-O 6. c4 dxc4 7.
Qa4 Be6 8. Ng5 Bd5 9. e4 Bc6 10. Qxc4 h6 11. d5 hxg5 12. dxc6 Nxc6 13. Bxg5 Nh7 14. Bc1 Qd4 15. Qxd4 Nxd4 16. Nc3 c6 17. Rb1 Rfd8 18. Be3 Nf8 19. Rfd1 Nfe6 20. f4 f5 21. Bf2 b5 22. exf5 gxf5 23. Re1 b4 24. Na4 Kf7 25. Rbc1 Rac8 26. Nc5 Nxc5 27. Rxc5 e6 28. Kf1 Bf8 29. Ra5 Rc7 30. Rc1 c5 31. Ke1 Nc6 32. Rb5 Nd4 33. Rb7 Rxb7 34. Bxb7 Rd7 35. Bg2 a5 36.
h3 a4 37. g4 b3 38. axb3 axb3 39. Rc3 Ra7 40. Bxd4 cxd4 41. Rc1 Ra2 42. gxf5 Rxb2 43. fxe6+ Kxe6 44. Be4 Bb4+ 45. Kf1 Rh2 46. Bg2 b2 47. Rb1 Bd2 48. Kg1 Bxf4 49. Rxb2 d3 50. Rb4 Bd6 51.
Re4+ Kf5 52. Rg4 d2 53. Rd4 Bc5 54. Kxh2 Bxd4 55. Bf3 Kf4 56. Kg2 Bf6 57. Bd1 Bh4 58. Kf1 Ke3 59. Bg4 Bg3 1/2-1/2

[Event "*** Titled Tuesday Blitz"]
[Site "Chess.com"]
[Date "2018.05.01"]
[Round "2"]
[White "JoachimBN"]
[Black "abubakrtagelsir"]
[Result "1-0"]
[WhiteElo "2560"]
[BlackElo "2329"]
[TimeControl "180+2"]
[EndTime "13:22:12 PDT"]
[Termination "JoachimBN won by resignation"]

1. c4 c6 2. Nc3 d5 3. e3 Nf6 4. Nf3 a6 5. b3 Bg4 6. h3 Bh5 7. Bb2 e6 8. Be2 Nbd7 9. O-O Bd6 10. d4 O-O 11. Ne5 Bxe5 12. Bxh5 Bc7 13. Bf3 Rc8 14. Rc1 dxc4 15. bxc4 Nb6 16. Qb3 Qd6 17. g3 Qe7 18.
Ba3 Qd7 19. Bxf8 Rxf8 20. c5 Nbd5 21. Qxb7 a5 22. Qb3 h5 23. h4 g6 24. e4 Ne7 25.
Rcd1 Qc8 26. Rfe1 e5 27. d5 cxd5 28. exd5 Nf5 29. d6 Nd4 30. Rxd4 exd4 31. Nd5 Bd8 32. c6 Qf5 33. c7 Nxd5 34. Qxd5 Bxc7 35. Qxf5 gxf5 36.
dxc7 Rc8 37. Rc1 d3 38. Kf1 d2 39. Rd1 Rxc7 40. Rxd2 Rc5 41. Bxh5 Kg7 42. Bf3 Kf6 43. Ke2 a4 44. Kd3 a3 45. Rc2 Ra5 46. Kc3 f4 47. g4 Ke5 48. Re2+ Kd6 49. Re4 f5 50. Rxf4 fxg4 51.
Bxg4 Rb5 52. Rb4 Rc5+ 53. Kb3 Rc1 54. Kxa3 Rh1 55. h5 Kc5 56. Re4 Rh2 57. f3 Kb5 58. Kb3 Rh1 59. a4+ Kc5 60. Re5+ Kd4 61. Re4+ Kc5 62. Rc4+ Kd5 63. Rc2 Rb1+ 64. Kc3 Ra1 65. Kb4 1-0